 Dungeon Crawl Stone Soup version 0.26-a0-651-gb41185065b (webtiles) character file.

Game seed: 611828444219175996

21923 Flugslaktarn the Cleaver (level 12, -3/118 HPs)
             Began as a Deep Dwarf Fighter on Oct 6, 2020.
             Was the Champion of Makhleb.
             Killed from afar by Erolcha (38 damage)
             ... with a crystal spear
             ... on level 12 of the Dungeon.
             The game lasted 00:06:09 (7586 turns).

Flugslaktarn the Cleaver (Deep Dwarf Fighter)       Turns: 7586, Time: 00:06:09

Health: -3/118     AC: 19    Str: 31    XL:     12   Next: 58%
Magic:  6/6        EV: 12    Int:  9    God:    Makhleb [******]
Gold:   492        SH: 13    Dex: 12    Spells: 11/11 levels left

rFire    . . .     SeeInvis .   a - +0 war axe
rCold    . . .     Faith    .   c - +0 kite shield
rNeg     . . .     Spirit   .   n - +3 chain mail
rPois    .         Reflect  .   l - +0 helmet
rElec    .         Harm     .   b - scarf {repulsion}
rCorr    .         Rampage  .   (no gloves)
MR       +....                  g - +2 pair of boots
Stlth    ..........             (no amulet)
HPRegen  0.00/turn              v - +4 ring of evasion
MPRegen  0.10/turn              C - +6 ring of strength

@: non-regenerating, repel missiles
A: damage resistance, heal wounds, sense surroundings 2, no regeneration
a: Heal Wounds, Minor Destruction, Lesser Servant of Makhleb, Major Destruction,
Greater Servant of Makhleb, Renounce Religion


You were on level 12 of the Dungeon.
You worshipped Makhleb.
Makhleb was exalted by your worship.
You visited 2 branches of the dungeon, and saw 13 of its levels.
You also visited: Ossuary.

You collected 492 gold pieces.

Inventory:

Hand Weapons
 a - a +0 war axe (weapon)
Missiles
 m - 3 throwing nets (quivered)
Armour
 b - a scarf of repulsion (worn)
   (You found it on level 4 of the Dungeon)
 c - a +0 kite shield (worn)
 g - a +2 pair of boots (worn)
   (You found it on level 1 of the Dungeon)
 j - a +0 plate armour
   (You found it on level 7 of the Dungeon)
 l - a +0 helmet (worn)
   (You found it on level 2 of the Dungeon)
 n - a +3 chain mail (worn)
   (You took it off an orc priest on level 8 of the Dungeon)
 D - a +0 cloak
   (You took it off Maurice on level 10 of the Dungeon)
Jewellery
 v - a +4 ring of evasion (left hand)
   (You found it on level 8 of the Dungeon)
 C - a +6 ring of strength (right hand)
   (You found it on level 10 of the Dungeon)
Wands
 u - a wand of paralysis (4)
   (You found it on level 8 of the Dungeon)
Scrolls
 e - 2 scrolls of enchant weapon
 f - a scroll of fear
 p - 2 scrolls of fog
 t - 2 scrolls of teleportation
 x - 5 scrolls of remove curse
 B - a scroll of immolation
Potions
 d - 2 potions of might
 h - a potion of haste
 i - 3 potions of lignification
 q - 3 potions of curing
 s - a potion of magic
 w - 3 potions of heal wounds
 z - a potion of cancellation
 A - a potion of flight {unknown}


   Skills:
 * Level 10.8 Fighting
 * Level 12.4 Axes
 + Level 9.5 Armour
 + Level 9.5 Shields
 + Level 10.2 Invocations


You had 11 spell levels left.
You didn't know any spells.
Your spell library was empty.

Dungeon Overview and Level Annotations

Branches:
Dungeon (12/15)            Temple (1/1) D:4            Lair (0/6) D:8
    Orc (0/2) D:11        Ossuary (visited)

Altars:
Ashenzari
Cheibriados
Dithmenos
Elyvilon
Fedhas
Gozag
Hepliaklqana
Kikubaaqudgha
Makhleb
Nemelex Xobeh
Okawaru
Qazlal
Ru
Sif Muna
Trog
Wu Jian
Xom
Yredelemnul
Zin
The Shining One

Shops:
D:6 [

Annotations:
D:12 Erolcha; Korodgh's ghost, journeyman TrTm; Snorg


Innate Abilities, Weirdness & Mutations

You are resistant to damage.
You can heal yourself by infusing magical energy.
You passively map the area around you.
You do not regenerate.


Message History

You are too injured to fight recklessly!
You are too injured to fight recklessly!
You block Snorg's attack. Snorg claws you but does no damage. x2
You see here an arrow.
You feel much better.
Erolcha hits you with a +0 giant spiked club!
You block Snorg's attack. Snorg claws you! You block Snorg's attack.
Snorg completely misses you. Snorg closely misses you. Snorg claws you!
* * * LOW HITPOINT WARNING * * *
Erolcha screams, "Erolcha kill you!"
Erolcha roars.
You block Erolcha's attack. Snorg bites you but does no damage.
You block Snorg's attack. Snorg closely misses you.
You fail to use your ability.
Snorg bites you but does no damage. You block Snorg's attack.
Snorg closely misses you.
Erolcha screams, "Lunch!"
Erolcha gestures at you while chanting. The crystal spear hits you!!!
You die...

* ,,,,,, *,, * , , , *#..#
* , , *........##..# ..#**
, ,,, *........##..###...
, , *........##......#* +
+ * * *........##.....# .
*........##$.#.#* .. ,, *
,,* ........##....# ...
,,, , * ...[....##@..# ...
* , , .....).(cTO..# ..#*
, ,
,.............#k.##.(..$ ,
, ,
.............#Z.#...=..
.>..........##W.#....., ,
, ............# .Z...WZ###
,#
,,,...###......##,....ZZZ.
, # , ...
#.......###..####,,,## ,
.. #.........####..#####.


You could see Snorg (berserk), Erolcha (fast), a centaur, Korodgh's ghost, a
bullfrog simulacrum and a wyvern simulacrum.

Vanquished Creatures
  Gastronok (D:8)
  Erica (D:10)
  A centaur warrior (D:10)
  3 two-headed ogres
  A queen ant (D:10)
  Urug (D:11)
  2 unseen horrors
  Pikel (D:5)
  A manticore (D:11)
  3 ugly things (D:11)
  Maurice (D:10)
  A cyclops (D:11)
  Joseph (D:9)
  A kobold demonologist (D:11)
  3 trolls
  Prince Ribbit (D:8)
  A hornet (D:8)
  3 hippogriffs
  A centaur simulacrum (D:10)
  A wyvern (D:9)
  A wraith (D:12)
  A human (D:11)
  A steam dragon (D:8)
  A vampire (D:11)
  20 soldier ants (D:10)
  4 wargs
  10 orc warriors
  3 sky beasts
  2 black bears
  2 necrophages
  6 ogres
  3 centaurs
  A big kobold (D:11)
  6 bullfrogs
  A wyvern skeleton (D:7)
  9 scorpions
  11 killer bees
  5 howler monkeys
  9 wights
  5 centaur zombies
  A quasit (D:9)
  3 hounds
  A centaur skeleton (D:4)
  13 orc priests
  A gnoll shaman (D:5)
  2 jellies
  16 orc wizards
  2 bullfrog skeletons
  3 human zombies (Ossuary)
  4 iguanas
  26 worker ants
  2 big kobold zombies (Ossuary)
  2 hound zombies (D:5)
  3 mummies (Ossuary)
  A worker ant zombie (D:11)
  6 gnolls
  8 adders
  2 scorpion zombies (Ossuary)
  3 shadow imps
  2 white imps
  An ufetubus (D:5)
  An adder skeleton (D:9)
  An adder zombie (D:7)
  2 leopard geckos
  61 orcs
  5 giant cockroaches
  8 kobolds
  4 quokkas
  A ball python (D:5)
  A frilled lizard (D:4)
  2 goblins (D:3)
  2 goblin zombies (Ossuary)
  A hobgoblin zombie (Ossuary)
  A jackal zombie (D:7)
  4 kobold zombies (Ossuary)
  2 leopard gecko skeletons
  An orc zombie (Ossuary)
  A rat (D:2)
330 creatures vanquished.

Vanquished Creatures (others)
  An orc (D:12)
1 creature vanquished.

Grand Total: 331 creatures vanquished

Notes
Turn   | Place    | Note
-------+----------+-------------------------------------------
     0 | D:1      | Flugslaktarn the Deep Dwarf Fighter began the quest for the
                  | Orb.
     0 | D:1      | Reached XP level 1. HP: 20/20 MP: 1/1
   297 | D:3      | Reached XP level 2. HP: 27/27 MP: 2/2
   331 | D:3      | Found a sparkling altar of Nemelex Xobeh.
   428 | D:4      | Reached XP level 3. HP: 30/34 MP: 3/3
   439 | D:4      | Reached skill level 3 in Axes
   452 | D:4      | Reached XP level 4. HP: 41/42 MP: 4/4
   457 | D:4      | Found a staircase to the Ecumenical Temple.
   477 | D:4      | Found a snail-covered altar of Cheibriados.
   494 | Temple   | Entered the Ecumenical Temple
   676 | Temple   | Became a worshipper of Makhleb the Destroyer
   775 | D:4      | You fall into a shaft and drop 3 floors!
   776 | D:7      | Noticed an orc warrior
   795 | D:7      | Killed an orc warrior
   795 | D:7      | Reached skill level 1 in Invocations
   795 | D:7      | Reached XP level 5. HP: 19/50 MP: 4/4
   797 | D:7      | Reached skill level 4 in Axes
   821 | D:7      | Noticed an orc warrior
   842 | D:6      | Reached XP level 6. HP: 38/57 MP: 6/6
   944 | D:5      | Entered Level 5 of the Dungeon
  1473 | D:5      | Noticed Pikel
  1498 | D:5      | Killed Pikel
  1498 | D:5      | Reached skill level 5 in Fighting
  1498 | D:5      | Reached skill level 5 in Axes
  1498 | D:5      | Reached skill level 5 in Armour
  1498 | D:5      | Reached skill level 5 in Shields
  1498 | D:5      | Reached XP level 7. HP: 45/67 MP: 5/7
  1578 | D:5      | Reached XP level 8. HP: 29/74 MP: 8/8
  1621 | D:5      | Reached skill level 6 in Axes
  1658 | D:5      | Reached * piety under Makhleb
  2697 | D:6      | Found Boybraaddy's Antique Armour Emporium.
  2878 | D:7      | Reached skill level 7 in Axes
  3000 | D:7      | Reached ** piety under Makhleb
  3000 | D:7      | Reached skill level 5 in Invocations
  3134 | D:7      | Gained mutation: You passively map the area around you.
                  | [Deep Dwarf growth]
  3134 | D:7      | Reached XP level 9. HP: 66/84 MP: 8/8
  3537 | D:8      | Found a basalt altar of Yredelemnul.
  3642 | D:8      | Found a staircase to the Lair.
  3655 | D:8      | Reached skill level 8 in Axes
  3686 | D:8      | Found a sand-covered staircase.
  3689 | D:8      | Noticed Gastronok
  3696 | Ossuary  | Entered an ossuary
  3777 | Ossuary  | Reached *** piety under Makhleb
  4048 | D:8      | Killed Gastronok
  4048 | D:8      | Reached skill level 9 in Axes
  4048 | D:8      | Reached XP level 10. HP: 96/96 MP: 6/8
  4443 | D:8      | Noticed Prince Ribbit
  4465 | D:8      | Killed Prince Ribbit
  4543 | D:8      | Found an ornate altar of the Wu Jian Council.
  4801 | D:9      | Reached **** piety under Makhleb
  5086 | D:9      | Reached skill level 10 in Axes
  5089 | D:9      | Found a glowing golden altar of the Shining One.
  5417 | D:9      | Noticed Joseph
  5431 | D:9      | Killed Joseph
  5431 | D:9      | Reached XP level 11. HP: 81/104 MP: 8/10
  5625 | D:10     | Entered Level 10 of the Dungeon
  5626 | D:10     | Noticed a two-headed ogre
  5648 | D:10     | Killed a two-headed ogre
  5752 | D:10     | Noticed a two-headed ogre
  5770 | D:10     | Killed a two-headed ogre
  5912 | D:10     | Killed an unseen horror
  5931 | D:10     | Noticed a centaur warrior
  5945 | D:10     | Killed a centaur warrior
  5945 | D:10     | Reached skill level 11 in Axes
  5971 | D:10     | Noticed Maurice
  5976 | D:10     | Noticed Erica
  5996 | D:10     | Killed Erica
  6022 | D:10     | Reached ***** piety under Makhleb
  6125 | D:10     | Killed Maurice
  6141 | D:10     | Noticed a queen ant
  6166 | D:10     | Killed a queen ant
  6244 | D:10     | Reached skill level 10 in Fighting
  6341 | D:10     | Reached XP level 12. HP: 101/116 MP: 11/11
  6638 | D:11     | Found a staircase to the Orcish Mines.
  6772 | D:11     | Reached skill level 12 in Axes
  7091 | D:11     | Reached skill level 10 in Invocations
  7111 | D:11     | Noticed a two-headed ogre
  7126 | D:11     | Killed a two-headed ogre
  7174 | D:11     | Noticed Urug
  7195 | D:11     | Killed Urug
  7529 | D:12     | Reached ****** piety under Makhleb
  7554 | D:12     | Noticed Korodgh's ghost (journeyman TrTm)
  7572 | D:12     | Noticed Snorg
  7575 | D:12     | Noticed Erolcha
  7586 | D:12     | Killed from afar by Erolcha

Illustrated notes

Levels and vault maps discovered:
D:1:      psy_arrival_whirlpool, layout_loops_ring
D:2:      layout_basic, minmay_mini_jars
D:3:      layout_loops_ring, marbit_many_paths, minmay_misc_feat_iff,
          okawaru_metal_pillars_1_2, uniq_jessica
D:4:      layout_loops_ring, lemuel_round_altar,
          minmay_temple_entry_antechambers
D:5:      layout_loops_ring, hangedman_decor_slide_cut, uniq_pikel
D:6:      layout_layer_cave, serial_shops, nicolae_shop_behind_doors
D:7:      layout_cave_pools
D:8:      layout_layer_cave, kennysheep_little_box, erik_lair_orcish_takeover,
          basic_altar, nicolae_ossuary_entry_ruins, uniq_prince_ribbit1,
          uniq_gastronok
D:9:      layout_loops_ring, nicolae_tso_carved_into_rock, uniq_joseph
D:10:     layout_rooms, minivault_29, uniq_erica, uniq_maurice
D:11:     layout_roguey, erik_orc_4, uniq_urug
D:12:     layout_long_grid, gammafunk_ghost_icy, uniq_erolcha, uniq_nessos,
          uniq_snorg, uniq_sonja
Temple:   dpeg_five_rooms_temple

Skill      XL: |  1  2  3  4  5  6  7  8  9 10 11 12 |
---------------+-------------------------------------+-----
Fighting       | 3 4 5 6 8 10 | 10.8
Axes           | 3 4 5 7 9 10 11 12 | 12.4
Armour         | 4 5 7 8 9 |  9.5
Shields        | 4 5 7 8 9 |  9.5
Invocations    | 1 3 5 7 8 9 10 | 10.2

Action                   |  1- 3 |  4- 6 |  7- 9 | 10-12 || total
-------------------------+-------+-------+-------+-------++-------
Melee: War axe           |    56 |   113 |   408 |   936 ||  1513
 Abil: Heal Wounds       |     1 |     5 |    17 |    23 ||    46
Evoke: Wand              |       |       |       |     5 ||     5
  Use: Scroll            |       |     3 |    12 |     7 ||    22
       Potion            |       |       |     1 |     3 ||     4
 Stab: Invisible         |       |       |     5 |     5 ||    10
       Distracted        |       |       |       |     1 ||     1
Armor: Scale mail        |    23 |     1 |       |       ||    24
       Plate armour      |       |    73 |   230 |    16 ||   319
       Chain mail        |       |       |       |   543 ||   543
Dodge: Dodged            |    22 |    23 |    90 |   239 ||   374
       Repelled          |       |       |       |     5 ||     5
Block: Kite shield       |    33 |    59 |   234 |   515 ||   841

Table legend: (Time is in decaauts)
 A = Elapsed time spent in this place.
 B = Non-inter-level travel time spent in this place.
 C = Inter-level travel time spent in this place.
 D = Time resting spent in this place.
 E = Time spent auto-exploring this place.
 F = Levels seen in this place.
 G = Mean time per level.
                   A        B        C        D        E       F      G
               +--------+--------+--------+--------+--------+-----+--------+
         Total |   7728 |   7381 |    347 |      4 |   4733 |  14 |  552.0 |
       Dungeon |   7164 |   6893 |    271 |      4 |   4467 |  12 |  597.0 |
        Temple |    233 |    158 |     75 |      0 |    156 |   1 |  233.0 |
       Ossuary |    330 |    330 |      0 |      0 |    110 |   1 |  330.0 |
               +--------+--------+--------+--------+--------+-----+--------+

Top non-repeatable levels by time:
     D:8: 1148 daAuts
    D:10: 959 daAuts
     D:6: 931 daAuts
     D:9: 862 daAuts
    D:11: 855 daAuts
     D:5: 683 daAuts
     D:4: 632 daAuts
     D:7: 562 daAuts
 Ossuary: 330 daAuts
  Temple: 233 daAuts
     D:1: 206 daAuts
     D:3: 146 daAuts
    D:12: 122 daAuts
     D:2: 54 daAuts
